 Dungeon Crawl Stone Soup version 0.31.0-32-g396128a36d (webtiles) character file.

Game seed: 14693032434066595068

5296 CrazyMind the Thaumaturge (level 10, -8/52 HPs)
             Began as a Deep Elf Conjurer on Mar 9, 2024.
             Was an Initiate of Gozag.
             Killed from afar by a manticore (16 damage)
             ... with a volley of spikes
             ... on level 9 of the Dungeon on Mar 14, 2024.
             The game lasted 00:54:57 (11115 turns).

CrazyMind the Thaumaturge (Deep Elf Conjurer)      Turns: 11115, Time: 00:54:58

Health: -8/52      AC: 10    Str:  4    XL:     10   Next: 37%
Magic:  0/28       EV: 14    Int: 28    God:    Gozag
Gold:   777        SH:  0    Dex: 16    Spells: 12/33 levels left

rFire   + . .        o - +4 dagger
rCold   + . .        (no shield)
rNeg    . . .        w - +1 robe of the Raven {rC+ Dex+3 Slay+2}
rPois   .            (no helmet)
rElec   .            N - +0 cloak
rCorr   .            (no gloves)
SInv    .            B - +1 pair of boots
Will    +....        (no amulet)
Stlth   ++++         y - +4 ring of protection
HPRegen 0.28/turn    A - ring of protection from fire
MPRegen 0.21/turn

%: no passive effects
@: swift, marked, spiked, gold aura, quick
A: no striking features
a: Renounce Religion, Potion Petition, Call Merchant, Bribe Branch


You were on level 9 of the Dungeon.
You worshipped Gozag.
Gozag was pleased with you.
You visited 2 branches of the dungeon, and saw 10 of its levels.

You collected 1056 gold pieces.
You spent 171 gold pieces at shops.
You paid 108 gold pieces to Gozag.

Inventory:

Hand Weapons
 n - a +2 dagger of draining
 o - a +4 dagger (weapon)
 G - the +0 dagger of the Pillar {freeze, rC+}
   (You found it on level 5 of the Dungeon)

   rC+:       It protects you from cold.
 H - a +3 short sword
Missiles
 k - 10 poisoned darts
 P - a boomerang
Armour
 w - the +1 robe of the Raven (worn) {rC+ Dex+3 Slay+2}
   (You bought it in a shop on level 3 of the Dungeon)

   Dex+3:     It affects your dexterity (+3).
   Slay+2:    It affects your accuracy & damage with ranged weapons and melee
   (+2).
   rC+:       It protects you from cold.
 B - a +1 pair of boots (worn)
 N - a +0 cloak (worn)
 Q - a +0 robe of fire resistance
Jewellery
 i - a ring of ice
 x - a ring of fire
 y - a +4 ring of protection (left hand)
 A - a ring of protection from fire (right hand)
Wands
 z - a wand of flame (21)
 C - a wand of digging (5)
 R - a wand of acid (4)
 S - a wand of charming (7)
Scrolls
 c - 2 scrolls of amnesia
 e - 4 scrolls of enchant armour
 h - a scroll of vulnerability
 p - a scroll of teleportation {unknown}
 q - 3 scrolls of fog
 r - 2 scrolls of immolation
 u - 3 scrolls of fear
 D - 5 scrolls of revelation
 E - a scroll of poison {unknown}
 K - a scroll of summoning {unknown}
 L - a scroll of noise {unknown}
Potions
 a - a potion of brilliance {unknown}
 d - 2 potions of lignification
 f - 2 potions of curing
 g - 2 potions of haste
 j - a potion of berserk rage {unknown}
 l - 3 potions of heal wounds
 m - 2 potions of ambrosia {unknown}
 t - 2 potions of invisibility {unknown}
 v - a potion of degeneration {unknown}
 F - a potion of attraction {unknown}
 I - a potion of mutation {unknown}
 M - 2 potions of might {unknown}
 O - 2 potions of enlightenment {unknown}


   Skills:
 + Level 1.5 Fighting
 + Level 1.4 Short Blades
 + Level 1.4 Throwing
 + Level 5.0 Dodging
 + Level 7.3 Stealth
 * Level 12.0 Spellcasting
 * Level 10.8 Conjurations
 * Level 2.9 Translocations
 * Level 1.3 Ice Magic
 * Level 3.2 Air Magic
 + Level 0.5 Evocations


You had 12 spell levels left.
You knew the following spells:

 Your Spells              Type           Power      Damage    Failure   Level
a - Magic Dart            Conj           100%       1d8       1%          1
b - Searing Ray           Conj           100%       2d8       1%          2
c - Iskenderun's Mystic   Conj/Tloc      53%        2d11      1%          4
d - Swiftness             Air            34%        N/A       2%          3
e - Freezing Cloud        Conj/Ice/Air   22%        6-21      11%         5
f - Fulminant Prism       Conj/Alch      23%        3d12      3%          4
g - Blink                 Tloc           66%        N/A       1%          2

Your spell library contained the following spells:

 Spells                   Type           Power      Damage    Failure   Level
 Lesser Beckoning         Tloc           66%        N/A       1%          2
 Momentum Strike          Conj/Tloc      100%       3d10      1%          2
 Necrotise                Necr           64%        1d7       3%          1
 Cigotuvi's Dreadful Rot  Necr/Alch/Air  44%        N/A       3%          2
 Ensorcelled Hibernation  Hex/Ice        40%        N/A       3%          2
 Summon Ice Beast         Ice/Summ       20%        N/A       8%          3
 Call Canine Familiar     Summ           16%        N/A       10%         3
 Fugue of the Fallen      Necr           16%        N/A       10%         3
 Passwall                 Erth           16%        N/A       10%         3
 Sigil of Binding         Hex            16%        N/A       10%         3
 Vampiric Draining        Necr           16%        2d7       10%         3
 Dimensional Bullseye     Hex/Tloc       12%        N/A       19%         4
 Anguish                  Hex/Necr       8%         N/A       32%         4
 Ignite Poison            Fire/Alch      16%        N/A       32%         4
 Leda's Liquefaction      Alch/Erth      8%         N/A       32%         4
 Martyr's Knell           Necr/Summ      16%        N/A       32%         4
 Bombard                  Conj/Erth      23%        9d4       47%         6
 Curse of Agony           Necr           16%        N/A       65%         5
 Lee's Rapid Deconstruct  Erth           8%         3d7*      65%         5
 Summon Mana Viper        Hex/Summ       16%        N/A       65%         5
 Monstrous Menagerie      Summ           8%         N/A       100%        7


Dungeon Overview and Level Annotations

Branches:
Dungeon (9/15) Zot: 25864  Temple (1/1) D:6 Zot: 5973    Lair (0/5) D:8
    Orc: D:9-12

Altars:
Ashenzari
Cheibriados
Dithmenos
Elyvilon
Fedhas
Gozag
Hepliaklqana
Kikubaaqudgha
Makhleb
Nemelex Xobeh
Okawaru
Qazlal
Ru
Sif Muna
Trog
Uskayaw
Vehumet
Wu Jian
Xom
Yredelemnul
Zin

Shops:
D:3 [   D:9 =

Annotations:
D:3 2 runed translucent doors, ratatoskos's ghost, novice SpHs
D:8 exclusion: 2 downstairs


Message History

Harold is almost dead.
You barely miss Harold.
Harold is almost dead.
Harold hits you with a +0 flail!
* * * LOW HITPOINT WARNING * * *
Casting: Iskenderun's Mystic Blast (dangerous; 2% risk of failure)
Confirm with . or Enter, or press ? or * to list all spells.
Aiming: Magic Dart (safe; 1% risk of failure)
Press: ? - help, Shift-Dir - straight line, f/p - Harold
Aim: Harold, wielding a +0 flail, wearing a +0 chain mail and quivering a throwing net (almost dead, very poisoned, slow, 100% to hit)
The magic dart hits Harold.
Harold is almost dead.
Harold is no longer moving slowly.
Harold gestures at you while chanting. A sentinel's mark forms upon you.
Casting: Magic Dart (safe; 1% risk of failure)
Confirm with . or Enter, or press ? or * to list all spells.
Aiming: Magic Dart (safe; 1% risk of failure)
Press: ? - help, Shift-Dir - straight line, f/p - Harold
Aim: Harold, wielding a +0 flail, wearing a +0 chain mail and quivering a throwing net (almost dead, very poisoned, 100% to hit)
The magic dart hits Harold but does no damage.
Harold is almost dead.
Harold closely misses you.
Casting: Magic Dart (safe; 1% risk of failure)
Confirm with . or Enter, or press ? or * to list all spells.
Aiming: Magic Dart (safe; 1% risk of failure)
Press: ? - help, Shift-Dir - straight line, f/p - Harold
Aim: Harold, wielding a +0 flail, wearing a +0 chain mail and quivering a throwing net (almost dead, poisoned, 100% to hit)
The magic dart hits Harold.
Harold is almost dead.
You kill Harold!
Your Dodging skill increases to level 5!
Your Spellcasting skill increases to level 12!
Your Ice Magic skill increases to level 1!
A manticore comes into view.
The manticore flicks its tail.
The volley of spikes skewers you!
The barbed spikes become lodged in your body.
You die...
Your body crumbles into a pile of gold.

######### ##.....##
###########.......#####.......#
#......)..#.##.................
#.#######.#.##.##.##.∩.........
#.# #.#...........#......#> #.#
#.#..#.##.###...#...##. #.#
#....#.##H# ##.#######. #.#
###....$..# #.# #.. ###>#
#####@#######...@..... ....#
#...<.# ##.########.# #####
#.##### ##...## #.. #)#
##.....## #..
############.######.......##
#.#
...........................#
#.#
...#########.######.......##
#.# ##.# #.##......g...######.#
#.# #.##.#####....###.....


You could see a manticore.

Vanquished Creatures
  Harold (D:9)
  A manticore (D:9)
  2 steam dragons (D:7)
  2 water moccasins
  An ice beast (D:7)
  2 sky beasts (D:7)
  A black bear (D:5)
  2 orc warriors
  2 ogres
  5 centaurs
  A phantom (D:6)
  2 kobold brigands
  2 bullfrogs
  A gnoll sergeant (D:9)
  3 scorpions (D:6)
  17 wights
  4 killer bees (D:9)
  2 howler monkeys
  A bombardier beetle (D:7)
  2 jellies
  Crazy Yiuf (D:7)
  4 hounds
  4 orc priests
  Natasha (thrice) (D:3)
  2 sleepcaps
  An iguana (D:6)
  5 orc wizards
  12 gnolls
  9 adders
  A shadow imp (D:8)
  A white imp (D:4)
  5 dart slugs
  2 ribbon worms
  23 orcs
  7 endoplasms
  4 giant cockroaches
  9 goblins
  12 hobgoblins
  16 jackals
  7 quokkas
  11 ball pythons
  8 bats
  2 frilled lizards
  22 kobolds
  5 rats
230 creatures vanquished.

Vanquished Creatures (others)
  32 fulminant prisms
32 creatures vanquished.

Grand Total: 262 creatures vanquished

Notes
Turn   | Place    | Note
-------+----------+-------------------------------------------
     0 | D:1      | CrazyMind the Deep Elf Conjurer began the quest for the
                  | Orb.
     0 | D:1      | Reached XP level 1. HP: 10/10 MP: 6/6
   210 | D:1      | Found a faded altar of an unknown god.
   233 | D:1      | Reached XP level 2. HP: 15/15 MP: 4/8
   325 | D:1      | Learned a level 2 spell: Searing Ray
   401 | D:1      | Reached skill level 5 in Conjurations
   697 | D:1      | Reached XP level 3. HP: 19/19 MP: 5/10
  1198 | D:2      | Reached skill level 4 in Spellcasting
  1403 | D:2      | Reached XP level 4. HP: 23/24 MP: 8/12
  2622 | D:3      | Found a large runed translucent door.
  2623 | D:3      | Found a large runed translucent door.
  2628 | D:3      | Noticed ratatoskos's ghost (novice SpHs)
  2695 | D:3      | Reached XP level 5. HP: 28/28 MP: 7/14
  2936 | D:3      | Reached skill level 5 in Spellcasting
  3347 | D:3      | Found Mymoquz's Antique Armour Shoppe.
  3389 | D:3      | Bought an ichor-stained robe for 171 gold pieces
  3389 | D:3      | Identified the +1 robe of the Raven {rC+ Dex+3 Slay+2} (You
                  | bought it in a shop on level 3 of the Dungeon)
  3622 | D:4      | Noticed Natasha
  4308 | D:4      | Noticed an ogre
  4312 | D:4      | Killed an ogre
  4313 | D:4      | Reached XP level 6. HP: 31/32 MP: 14/16
  4377 | D:4      | Learned a level 4 spell: Iskenderun's Mystic Blast
  4382 | D:4      | Learned a level 4 spell: Fulminant Prism
  4418 | D:3      | Killed Natasha
  4419 | D:3      | Noticed Natasha
  4441 | D:3      | Killed Natasha
  4442 | D:3      | Reached skill level 6 in Spellcasting
  4594 | D:3      | Noticed Natasha
  4974 | D:3      | Killed Natasha
  5442 | D:5      | Entered Level 5 of the Dungeon
  5819 | D:5      | Reached XP level 7. HP: 37/37 MP: 9/18
  5944 | D:5      | Reached skill level 5 in Stealth
  6100 | D:5      | Identified the +0 dagger of the Pillar {freeze, rC+}
  6288 | D:5      | Reached skill level 7 in Spellcasting
  6548 | D:6      | Found a staircase to the Ecumenical Temple.
  6557 | Temple   | Entered the Ecumenical Temple
  6570 | Temple   | Became a worshipper of Gozag Ym Sagoz the Greedy
  6677 | D:6      | Reached skill level 1 in Short Blades
  6677 | D:6      | Reached XP level 8. HP: 42/42 MP: 16/21
  6949 | D:6      | Reached skill level 1 in Fighting
  7379 | D:6      | Reached skill level 8 in Spellcasting
  7739 | D:7      | Reached skill level 9 in Spellcasting
  7929 | D:7      | Reached skill level 1 in Throwing
  7942 | D:7      | Reached XP level 9. HP: 43/47 MP: 15/24
  8004 | D:6      | Learned a level 3 spell: Swiftness
  8010 | D:6      | Learned a level 5 spell: Freezing Cloud
  8022 | D:6      | Reached skill level 10 in Spellcasting
  8113 | D:7      | Reached skill level 1 in Air Magic
  8298 | D:7      | Found a runed translucent door.
  8299 | D:7      | Noticed Crazy Yiuf
  8467 | D:7      | Learned a level 2 spell: Blink
  8728 | D:7      | Killed Crazy Yiuf
  9087 | D:8      | Found a staircase to the Lair.
  9111 | D:8      | Reached skill level 10 in Conjurations
  9111 | D:8      | Reached skill level 1 in Translocations
  9858 | D:8      | Reached skill level 11 in Spellcasting
  9999 | D:9      | Noticed a skeletal warrior
 10203 | D:9      | Found Putekifa's Jewellery Shoppe.
 10235 | D:9      | Reached XP level 10. HP: 52/52 MP: 24/27
 10300 | D:9      | Noticed Harold
 10550 | D:9      | Noticed a manticore
 10567 | D:9      | Killed a manticore
 11114 | D:9      | Killed Harold
 11115 | D:9      | Reached skill level 5 in Dodging
 11115 | D:9      | Reached skill level 12 in Spellcasting
 11115 | D:9      | Reached skill level 1 in Ice Magic
 11115 | D:9      | Noticed a manticore
 11115 | D:9      | Killed from afar by a manticore

Illustrated notes

Levels and vault maps discovered:
D:1:      dpeg_arrival_solitude, layout_rooms, chequers_ecumenical_altar_grove,
          minmay_misc_feat_roman, minmay_tall_x
D:2:      layout_loops_cross
D:3:      layout_basic, serial_shops, shop, ebering_ghost_disaster_area,
          dk_noncrumbling_3, kennysheep_flooded_box
D:4:      layout_layer_cave, minmay_mini_jars, uniq_natasha
D:5:      layout_rooms, nicolae_hexahallways, minmay_misc_feat_cross
D:6:      layout_layer_cave, minmay_temple_entry_arrows
D:7:      layout_cave_pools, uniq_crazy_yiuf_cottage
D:8:      layout_basic, lair_entry_dummy, kennysheep_generic_room_10
D:9:      layout_loops_ring, mainiacjoe_overflow_catwalk, serial_shops, shop,
          minivault_20, minmay_crystal_water, uniq_harold
Temple:   minmay_crystal_snake_temple

Skill      XL: |  1  2  3  4  5  6  7  8  9 10 |
---------------+-------------------------------+-----
Conjurations   | 5 6 7 9 10 | 10.8
Spellcasting   | 4 5 6 7 9 11 12 | 12.0
Stealth        | 3 4 5 6 7 |  7.3
Dodging        | 3 4 5 |  5.0
Short Blades   | 1 |  1.4
Fighting       | 1 |  1.5
Throwing       | 1 |  1.4
Air Magic      | 2 3 |  3.2
Translocations | 2 |  2.9
Ice Magic      | 1 |  1.3
Evocations     | |  0.5

Action                     |  1- 3 |  4- 6 |  7- 9 | 10-12 || total
---------------------------+-------+-------+-------+-------++-------
  Melee: Flail             |     1 |       |       |       ||     1
         Short sword       |     1 |       |       |       ||     1
         Dagger            |     5 |    17 |     9 |     5 ||    36
  Throw: Dart              |       |     1 |     4 |     3 ||     8
   Cast: Magic Dart        |    38 |     7 |     4 |     3 ||    52
         Searing Ray       |    14 |    58 |    64 |    12 ||   148
         Fulminant Prism   |       |     1 |    20 |    11 ||    32
         Swiftness         |       |       |     3 |     1 ||     4
         Blink             |       |       |     1 |     1 ||     2
         Iskenderun's Myst |       |       |     1 |     1 ||     2
  Evoke: Wand              |       |     4 |       |       ||     4
    Use: Scroll            |       |     3 |     6 |     3 ||    12
         Potion            |       |       |     1 |     1 ||     2
   Stab: Sleeping          |     6 |    11 |     4 |       ||    21
 Armour: Robe              |     5 |    32 |    74 |    18 ||   129
  Dodge: Dodged            |     4 |    43 |    87 |    25 ||   159
